cohdb
Replays
Latest Replays
All Replays
Popular Replays
Top Player Replays
Match Explorer
How It Works
Community
CoH3 Stats
Reddit
Sign in to upload your games and track your stats! →
Sign in with Steam
Match 46112392
Unlisted
Match 46112392
Overview
Messages
Build Orders
End
Pioneer Squad
Construct Infanterie Kompanie
Kettenkrad Recon Vehicle
MG 42 Machine Gun Team
Grenadier Squad
Grenadier Squad
Medical Station
Construct Panzergrenadier Kompanie
251 Medium Carrier
Selects Terror Battlegroup
Selects Heavy Gunnery
Selects Contempt for the Weak
Pak 40 Anti-tank Gun Team
Panzergrenadier Squad
Panzergrenadier Squad
Construct Panzer Kompanie
Stoßtruppen Squad
Pak 40 Anti-tank Gun Team
Selects No Quarter
Panzer IV Medium Tank
Deliri0us
oziligath
0
0
Comments
sign in to comment!
No comments posted yet!